 Dungeon Crawl Stone Soup version 0.31-a0-618-g7ca08c1ff9 (webtiles) character file.

Game seed: 792090231235042538

263 spiderkeys the Ruffian (level 6, -12/41 HPs)
             Began as an Octopode Shapeshifter on Aug 22, 2023.
             Was an Initiate of Gozag.
             Mangled by an ogre
             ... wielding a +0 giant spiked club
              (20 damage)
             ... on level 4 of the Dungeon.
             The game lasted 00:04:09 (3340 turns).

spiderkeys the Ruffian (Octopode Shapeshifter)      Turns: 3340, Time: 00:04:09

Health: -12/41     AC:  1    Str: 15    XL:     6   Next: 19%
Magic:  6/6        EV: 14    Int: 10    God:    Gozag
Gold:   175        SH:  0    Dex: 14    Spells: 5/5 levels left

rFire   . .          .
                       - Unarmed
rCold   . . .        (no shield)
rNeg    . . .        (helmet currently unavailable)
rPois   .            (no amulet)
rElec   .            (no ring)
rCorr   .            (no ring)
SInv    .            (no ring)
Will    .....        (no ring)
Stlth   ++           (no ring)
HPRegen 0.26/turn    (no ring)
MPRegen 0.10/turn    (no ring)
                     (no ring)

%: no passive effects
@: beast-form
A: beast (slay +2), almost no armour, amphibious, 8 rings, camouflage 1,
gelatinous body 1, (nimble swimmer 1), tentacles
a: Begin Untransformation, Renounce Religion, Potion Petition, Call Merchant,
Bribe Branch


You were on level 4 of the Dungeon.
You worshipped Gozag.
Gozag was aware of your devotion.
You were a hulking beast.
You visited 1 branch of the dungeon, and saw 4 of its levels.

You collected 214 gold pieces.
You paid 39 gold pieces to Gozag.


Innate Abilities, Weirdness & Mutations

You are a hulking beast.
Your limbs bulge with bestial killing power. (Slay +2)
You cannot wear most types of armour.
You are amphibious.
You can wear up to eight rings at the same time.
Your skin changes colour to match your surroundings (Stealth+).
Your rubbery body absorbs attacks. (AC +1, EV +1)
((You are camouflaged when in or above water. (Stealth+)))
You have tentacles for arms and can constrict up to eight enemies at once.


   Skills:
 + Level 2.9 Fighting
 + Level 3.5 Dodging
 + Level 4.2 Unarmed Combat
 + Level 4.0 Shapeshifting


You had 5 spell levels left.
You didn't know any spells.
Your spell library contained the following spells:

 Spells                   Type           Power      Damage    Failure   Level
 Dazzling Flash           Conj/Hex       0%         N/A       75%         3
 Volatile Blastmotes      Fire/Tloc      0%         2d10      75%         3
 Starburst                Conj/Fire      0%         6d3       100%        6
 Maxwell's Capacitive Co  Air            0%         ∞         100%        8

Inventory:

Missiles
 d - 43 stones
 f - 8 poisoned darts
 k - 2 atropa-tipped darts
Armour
 h - a +1 hat
   (You found it on level 2 of the Dungeon)
Jewellery
 C - a ring of ice
   (You found it on level 3 of the Dungeon)
Talismans
 b - a beast talisman (active)
 c - a flux talisman
Potions
 a - 2 potions of lignification {!q}
 e - a potion of curing {unknown}
 m - 3 potions of cancellation

Dungeon Overview and Level Annotations

Branches:
Dungeon (4/15) Zot: 20663
 Temple: D:4-7

Altars:
Ashenzari
Gozag

#..##.##.#
#..##.##.### # ..
#.##...# $. ..
#.##.#.# #.###
.##.##...#
....###...###.##
..####..#...## #.#
.............# #^#
#Oh..:.####.#
#.....#?.........#
#.(.. ##.#.#######
.... ...#$# ...
.#....# .. ..
..=..# . . .#.####
#.#. #


You could see an ogre.


Message History

😨 HP[+1] MP[+1]
You now have 41 max hp (+6).
Your mp is fully restored (6).
You bludgeon the ball python!
You kill the ball python!
You now have 143 gold pieces (gained 3). 😨 HP[+1]
You start resting. 😎 HP[+28]
Your hp is fully restored (41).
You now have 147 gold pieces (gained 4).
You now have 154 gold pieces (gained 7).
e - a puce potion 2 orcs come into view.
The orc shouts!
You hear a shout! x2
The orc moves out of view.
An orc comes into view. It is wielding a +0 dagger.
There are monsters nearby!
An orc wizard and an orc come into view.
The orc shouts!
You tentacle-slap the orc. Your grab misses the orc. The orc barely misses you.
You tentacle-slap the orc.
You kill the orc!
Your Shapeshifting skill increases to level 4!
Things that are here:
4 gold pieces; a +0 whip You tentacle-slap the orc.
You grab the orc. You constrict the orc. The orc barely misses you.
You tentacle-slap the orc. You constrict the orc. The orc misses you.
You tentacle-slap the orc but do no damage.
You squeeze the orc.
You kill the orc!
You tentacle-slap the orc. You grab the orc. You squeeze the orc.
You kill the orc!
The orc is distracted by your dazzling golden aura.
The orc shouts!
You tentacle-slap the orc wizard but do no damage.
You grab the orc wizard. You squeeze the orc wizard.
You constrict the orc wizard.
The orc wizard hits you with a +0 dagger. 😕 HP[-4]
You take 4 damage, and now have 37/41 hp.
You tentacle-slap the orc wizard. You constrict the orc wizard.
The orc wizard hits you with a +0 dagger. 😕 HP[-1]
You take 1 damage, and now have 36/41 hp.
You bludgeon the orc wizard!
You kill the orc wizard!
The orc is no longer distracted by gold.
The orc is distracted by your dazzling golden aura.
Items here: $ ))) [[. 😕 HP[+1]
The orc shouts!
You tentacle-slap the orc but do no damage.
The orc is no longer distracted by gold.
You grab the orc. You squeeze the orc!
You kill the orc!
No target in view!
No target in view!
No target in view!
You now have 159 gold pieces (gained 5).
Things that are here:
a +0 club; a +0 leather armour You now have 171 gold pieces (gained 12).
Items here: ))) [[.
You now have 175 gold pieces (gained 4).
You see here a +0 whip.
Items here: ))) [[.
Things that are here:
a +0 club; a +0 leather armour Key pressed, stopping explore.
Key pressed, stopping explore.
Key pressed, stopping explore.
There is a shaft here.
An ogre comes into view. It is wielding a +0 giant spiked club.
You see here a book of the Hunter. 😎 HP[+4]
Your hp is fully restored (41).
You tentacle-slap the ogre but do no damage.
You tentacle-slap the ogre.
You tentacle-slap the ogre, but do no damage.
The ogre completely misses you.
You tentacle-slap the ogre. You squeeze the ogre.
The ogre hits you with a +0 giant spiked club!! 😮 HP[-19]
You take 19 damage, and now have 22/41 hp.
MASSIVE DAMAGE!! (PAUSE)
You tentacle-slap the ogre. You tentacle-slap the ogre.
The ogre closely misses you.
You tentacle-slap the ogre. Your squeeze misses the ogre.
The ogre hits you with a +0 giant spiked club!
* * * LOW HITPOINT WARNING * * *
😱 HP[-15]
You take 15 damage, and now have 7/41 hp.
MASSIVE DAMAGE!! (PAUSE)
You closely miss the ogre. 😱 HP[+1]
You tentacle-slap the ogre but do no damage.
The ogre hits you with a +0 giant spiked club!!
You die...
Your body crumbles into a pile of gold.

Skill      XL: |  1  2  3  4  5  6 |
---------------+-------------------+-----
Fighting       | 2 |  2.9
Dodging        | 3 |  3.5
Unarmed Combat | 4 |  4.2
Shapeshifting  | 4 |  4.0

Action                     |  1- 3 |  4- 6 || total
---------------------------+-------+-------++-------
  Melee: Unarmed           |    80 |    96 ||   176
         Constrict         |    16 |    28 ||    44
         Tentacles         |    11 |    24 ||    35
         Punch             |     1 |     1 ||     2
    Use: Scroll            |       |     9 ||     9
   Stab: Sleeping          |     6 |     3 ||     9
 Armour: Skin              |     3 |     1 ||     4
  Dodge: Dodged            |    52 |    57 ||   109

Levels and vault maps discovered:
D:1:      amcnicky_arrival_abandoned_market, layout_basic
D:2:      layout_rooms, basic_altar, lexackson_kobold_supper
D:3:      layout_basic, nicolae_overflow_crystal_walls,
          dreamdust_ecumenical_altar_hidden_monk_grotto, hangedman_decor_lopped,
          st_stairs_8
D:4:      layout_loops_ring, amcnicky_mini_corridor_feature

Notes
Turn   | Place    | Note
-------+----------+-------------------------------------------
     0 | D:1      | spiderkeys the Octopode Shapeshifter began the quest for
                  | the Orb.
     0 | D:1      | Reached XP level 1. HP: 13/13 MP: 1/1
     0 | D:1      | magus.rc [v1.11.6]
   251 | D:1      | Reached XP level 2. HP: 18/18 MP: 2/2
   927 | D:2      | Reached XP level 3. HP: 17/23 MP: 3/3
  1006 | D:2      | Found a broken altar of Ashenzari.
  1086 | D:2      | You add the spells Volatile Blastmotes, Dazzling Flash,
                  | Starburst and Maxwell's Capacitive Coupling to your
                  | library.
  1235 | D:2      | HP: 6/24 [quokka (4)]
  1236 | D:2      | HP: 1/24 [quokka (5)]
  1406 | D:2      | Reached skill level 2 in Fighting
  1406 | D:2      | Reached XP level 4. HP: 29/29 MP: 4/4
  1532 | D:2      | Reached skill level 3 in Dodging
  1532 | D:2      | Reached XP level 5. HP: 29/35 MP: 5/5
  2334 | D:3      | Reached skill level 4 in Unarmed Combat
  2650 | D:3      | Found an opulent altar of Gozag.
  2805 | D:3      | Became a worshipper of Gozag Ym Sagoz the Greedy
  2908 | D:3      | Found a faded altar of an unknown god.
  3087 | D:4      | Reached XP level 6. HP: 12/41 MP: 6/6
  3223 | D:4      | Reached skill level 4 in Shapeshifting
  3338 | D:4      | HP: 7/41 [ogre/+0 giant spiked club (15)]
  3340 | D:4      | Mangled by an ogre

Vanquished Creatures
  3 orc priests
  An iguana (D:4)
  An orc wizard (D:4)
  3 adders
  A worm (D:3)
  A dart slug (D:3)
  11 orcs
  6 bats
  9 endoplasms
  2 giant cockroaches
  3 hobgoblins
  7 jackals
  4 quokkas
  5 ball pythons
  6 frilled lizards
  3 goblins
  13 kobolds
  7 rats
86 creatures vanquished.

Table legend:
 A = Non-vault XP
 B = Vault XP
 C = Vault XP percentage of total XP
 D = Non-vault monster count
 E = Vault monster count
 F = Vault count percentage of total count
                 A         B        C        D         E       F
            +---------+---------+-------+---------+---------+-------
      Total |     362 |      14 |   3.7 |      76 |      10 |  11.6
            +---------+---------+-------+---------+---------+-------
        D:1 |      75 |       0 |   0.0 |      25 |       0 |   0.0
        D:2 |     113 |      10 |   8.1 |      26 |       8 |  23.5
        D:3 |      83 |       4 |   4.6 |      15 |       2 |  11.8
        D:4 |      91 |       0 |   0.0 |      10 |       0 |   0.0
            +---------+---------+-------+---------+---------+-------

Skill      XL: |  1  2  3  4  5  6 |
---------------+-------------------+-----
Fighting       | 2 |  2.9
Dodging        | 3 |  3.5
Unarmed Combat | 4 |  4.2
Shapeshifting  | 4 |  4.0

Action                     |  1- 3 |  4- 6 || total
---------------------------+-------+-------++-------
  Melee: Unarmed           |    80 |    96 ||   176
         Constrict         |    16 |    28 ||    44
         Tentacles         |    11 |    24 ||    35
         Punch             |     1 |     1 ||     2
    Use: Scroll            |       |     9 ||     9
   Stab: Sleeping          |     6 |     3 ||     9
 Armour: Skin              |     3 |     1 ||     4
  Dodge: Dodged            |    52 |    57 ||   109

Illustrated notes

Table legend:
 A = Kills in this place as a percentage of kills in the entire game.
 B = Kills by you in this place as a percentage of kills by you in the entire game.
 C = Kills by friends in this place as a percentage of kills by friends in the entire game.
 D = Other kills in this place as a percentage of other kills in the entire game.
 E = Experience gained in this place as a percentage of experience gained in the entire game.
 F = Experience gained in this place divided by the number of levels of this place that you have seen.
                   A       B       C       D       E      F
               +-------+-------+-------+-------+-------+----------------------
         Total | 100.0 | 100.0 |   N/A |   N/A | 100.0 |  94.0
       Dungeon | 100.0 | 100.0 |   N/A |   N/A | 100.0 |  94.0
               +-------+-------+-------+-------+-------+----------------------

Table legend: (Time is in decaauts)
 A = Elapsed time spent in this place.
 B = Non-inter-level travel time spent in this place.
 C = Inter-level travel time spent in this place.
 D = Time resting spent in this place.
 E = Time spent auto-exploring this place.
 F = Levels seen in this place.
 G = Mean time per level.
                   A        B        C        D        E       F      G
               +--------+--------+--------+--------+--------+-----+--------+
         Total |   3335 |   3227 |    108 |    638 |   2051 |   4 |  833.8 |
       Dungeon |   3335 |   3227 |    108 |    638 |   2051 |   4 |  833.8 |
               +--------+--------+--------+--------+--------+-----+--------+

Top non-repeatable levels by time:
     D:1: 1167 daAuts
     D:2: 1064 daAuts
     D:3: 802 daAuts
     D:4: 301 daAuts
